 Dungeon Crawl Stone Soup version 0.19.5 (console) character file.

564 Grinner the Ruffian (level 7, 0/61 HPs)
             Began as a Troll Transmuter on Mar 2, 2017.
             Slain by Prince Ribbit (14 damage)
             ... on level 5 of the Dungeon.
             The game lasted 00:07:57 (3547 turns).

Grinner the Ruffian (Troll Transmuter)              Turns: 3547, Time: 00:07:57

Health: 0/61       AC:  6    Str: 19    XL:     7   Next: 10%
Magic:  9/9        EV: 11    Int: 10    God:
Gold:   187        SH:  0    Dex: 11    Spells: 3 memorised, 3 levels left

rFire  . . .     SeeInvis .       - Unarmed
rCold  . . .     Gourm    +     b - +0 robe
rNeg   . . .     Faith    .     (no shield)
rPois  +         Spirit   .     (helmet restricted)
rElec  .         Reflect  .     p - +0 cloak
rCorr  .         Harm     .     (gloves unavailable)
MR     .....                    (boots unavailable)
Stlth  +.........               i - amulet of magic regeneration
                                (no ring)
                                v - ring of poison resistance

@: appendage (expiring)
A: unfitting armour, claws 3, talons 3, fast metabolism 3, gourmand,
regeneration 1, shaggy fur 1, tough skin 2
a: End Transformation


You were on level 5 of the Dungeon.
You were full.
You had grown temporary talons.
You visited 1 branch of the dungeon, and saw 5 of its levels.

You collected 187 gold pieces.

Inventory:

Missiles
 a - 64 arrows
Armour
 b - a +0 robe (worn)
 p - a +0 cloak (worn)
Jewellery
 i - an amulet of magic regeneration (around neck)
 v - a ring of poison resistance (left claw)
Wands
 x - a wand of disintegration (10/24)
Scrolls
 f - a scroll of fear {unknown}
 l - 9 scrolls of identify {unknown}
 n - a scroll of magic mapping {unknown}
 q - 2 scrolls of random uselessness {unknown}
 s - 2 scrolls of enchant armour {unknown}
 u - 2 scrolls of teleportation {unknown}
 w - 3 scrolls of remove curse {unknown}
Potions
 e - a potion of agility
 g - a potion of haste {unknown}
 j - a potion of curing {unknown}
 k - a potion of heal wounds
 o - a potion of might {unknown}
 r - 3 potions of lignification {unknown}
Books
 c - a book of Changes

   Spells                             Type                      Level
   a - Beastly Appendage              Transmutation                1
   b - Sticks to Snakes               Transmutation                2
   c - Spider Form                    Transmutation/Poison         3
   d - Ice Form                       Ice/Transmutation            4
   e - Blade Hands                    Transmutation                5
Comestibles
 d - 3 bread rations
 h - 2 meat rations
 m - a slice of pizza
 t - a beef jerky


   Skills:
 - Level 0.7 Fighting
 * Level 4.0 Dodging
 * Level 5.2 Unarmed Combat
 + Level 2.2 Spellcasting
 + Level 2.5 Transmutations


You had 3 spell levels left.
You knew the following spells:

 Your Spells              Type           Power        Failure   Level  Hunger
a - Ice Form              Ice/Tmut       #.......     99%         4    #####..
s - Sticks to Snakes      Tmut           #.......     17%         2    ###....
z - Beastly Appendage     Tmut           #.....       12%         1    ##.....


Dungeon Overview and Level Annotations

Branches:
Dungeon (5/15)
 Temple: D:4-7

Altars:
Ashenzari
Dithmenos
Okawaru
Ru
Sif Muna

Annotations:
D:5 Prince Ribbit


Innate Abilities, Weirdness & Mutations

You are too large for most types of armour.
You have claws for hands.
Your metabolism is lightning-fast.
You like to eat raw meat.
Your natural rate of healing is unusually fast.
You are covered in fur. (AC +1)
You have very tough skin. (AC +2)
You have claws for feet.


Message History

Prince Ribbit is heavily wounded.
Prince Ribbit barely misses you.
The phantom blinks!
You completely miss Prince Ribbit. Your kick misses Prince Ribbit.
Prince Ribbit is heavily wounded.
Your transformation is almost over.
Prince Ribbit hits you but does no damage.
Prince Ribbit hits you!!
You claw Prince Ribbit! Your kick misses Prince Ribbit.
Prince Ribbit is severely wounded.
Prince Ribbit hits you!
* * * LOW HITPOINT WARNING * * *
You scratch Prince Ribbit.
You claw Prince Ribbit, but do no damage.
Prince Ribbit is severely wounded.
Prince Ribbit casts a spell.
Prince Ribbit looks slightly unstable.
You claw Prince Ribbit! Your kick misses Prince Ribbit.
Prince Ribbit is almost dead.
Prince Ribbit hits you!
You die...

#...$..#####..#..###########
#...ยง..)......#.##
.........####.....#
##.......# #....##
#........####..>.#####
...#.......#.......<..#
########.#.#..........#
#.#.......W....#
#.##...@.......#
#......F.......#
###............#
.<........###### .###.#....#
#####....#..######
#.................
#.##.....##.#####?
........####.#


You could see Prince Ribbit and a phantom.

Vanquished Creatures
  Dowan (D:5)
  Crazy Yiuf (D:2)
  2 hounds (D:4)
  3 orc wizards (D:4)
  An orc priest (D:4)
  A centaur skeleton (D:4)
  An iguana (D:4)
  Natasha (thrice) (D:3)
  A worker ant (D:5)
  5 adders
  3 gnolls (D:4)
  A shadow imp (D:5)
  A worm (D:2)
  3 leopard geckos
  7 orcs
  A ball python (D:2)
  6 bats
  3 giant cockroaches (D:1)
  8 goblins
  7 hobgoblins
  2 quokkas
  5 frilled lizards
  11 kobolds
  10 rats
87 creatures vanquished.

Notes
Turn   | Place    | Note
-------+----------+-------------------------------------------
     0 | D:1      | Grinner the Troll Transmuter began the quest for the Orb.
     0 | D:1      | Reached XP level 1. HP: 18/18 MP: 1/1
    81 | D:1      | Reached XP level 2. HP: 26/26 MP: 2/2
   473 | D:1      | Learned a level 2 spell: Sticks to Snakes
   507 | D:2      | Reached XP level 3. HP: 28/32 MP: 4/4
   808 | D:2      | Found a shattered altar of Ashenzari.
   926 | D:2      | Found a runed door.
   931 | D:2      | Noticed Crazy Yiuf
   940 | D:2      | Killed Crazy Yiuf
   940 | D:2      | Reached XP level 4. HP: 16/40 MP: 5/5
  1433 | D:3      | Noticed Natasha
  1439 | D:3      | Killed Natasha
  1439 | D:3      | Reached skill level 4 in Unarmed Combat
  1564 | D:3      | Reached XP level 5. HP: 46/46 MP: 6/6
  1657 | D:3      | Noticed Natasha
  1662 | D:3      | Killed Natasha
  1774 | D:3      | Noticed Natasha
  1789 | D:3      | Killed Natasha
  2130 | D:3      | Found an iron altar of Okawaru.
  2361 | D:4      | Found a deep blue altar of Sif Muna.
  2439 | D:4      | Learned a level 4 spell: Ice Form
  2482 | D:4      | Reached XP level 6. HP: 26/54 MP: 6/8
  2611 | D:4      | Found a shadowy altar of Dithmenos.
  2952 | D:4      | Found a sacrificial altar of Ru.
  3216 | D:5      | Entered Level 5 of the Dungeon
  3234 | D:5      | Reached skill level 5 in Unarmed Combat
  3283 | D:5      | Noticed Prince Ribbit
  3289 | D:5      | Noticed Dowan
  3305 | D:5      | Killed Dowan
  3305 | D:5      | Reached XP level 7. HP: 61/61 MP: 7/9
  3547 | D:5      | Slain by Prince Ribbit

Skill      XL: |  1  2  3  4  5  6 |
---------------+-------------------+-----
Dodging        | 2 3 4 |  4.0
Unarmed Combat | 4 5 |  5.2
Transmutations | 2 |  2.5
Spellcasting   | 2 |  2.2
Fighting       | |  0.7

Action                   |  1- 3 |  4- 6 |  7- 9 || total
-------------------------+-------+-------+-------++-------
Melee: Unarmed           |    74 |   206 |    30 ||   310
       Headbutt          |     2 |       |       ||     2
       Punch             |       |     3 |       ||     3
       Kick              |       |       |     2 ||     2
 Cast: Beastly Appendage |     1 |     1 |     1 ||     3
Evoke: Wand              |       |     1 |       ||     1
  Use: Potion            |       |     5 |       ||     5
 Stab: Sleeping          |     1 |     3 |       ||     4
       Paralysed         |       |     2 |       ||     2
  Eat: Chunk             |     6 |    29 |       ||    35
Armor: Robe              |    23 |    84 |     5 ||   112
Dodge: Dodged            |    36 |   100 |    18 ||   154
